 Dungeon Crawl Stone Soup version 0.19-a0-1697-g0595f0e (webtiles) character file.

337 dvd the Stinger (level 6, -1/36 HPs)
             Began as an Octopode Venom Mage on Sept 26, 2016.
             Slain by Shenda's ghost (18 damage)
             ... on level 4 of the Dungeon.
             The game lasted 00:11:18 (3527 turns).

dvd the Stinger (Octopode Venom Mage)               Turns: 3527, Time: 00:11:18

Health: -1/36      AC:  2    Str:  7    XL:     6   Next: 54%
Magic:  10/10      EV: 14    Int: 19    God:
Gold:   64         SH:  0    Dex: 13    Spells: 2 memorised, 6 levels left

rFire  . . .     SeeInvis .     g - +2 mace (protect)
rCold  . . .     Gourm    .     (no shield)
rNeg   . . .     Faith    .     (helmet restricted)
rPois  .         Spirit   .     (no amulet)
rElec  .         Dismiss  .     (no ring)
rCorr  .         Reflect  .     (no ring)
MR     .....     Harm     .     (no ring)
Stlth  ++++......               (no ring)
                                (no ring)
                                (no ring)
                                (no ring)
                                (no ring)

@: no status effects
A: almost no armour, stealthy swim, amphibious, 8 rings, constrict 8, camouflage
1, gelatinous body 1
a: no special abilities


You were on level 4 of the Dungeon.
You were hungry.

You visited 1 branch of the dungeon, and saw 4 of its levels.

You collected 64 gold pieces.

Inventory:

Hand Weapons
 g - a +2 mace of protection (weapon)
 l - a +1 rapier of holy wrath
 n - a +2 quarterstaff of chaos
 v - a +0 hand axe
Wands
 p - a wand of lightning (8/15)
Scrolls
 d - 2 scrolls of fog
 e - 2 scrolls of identify
 j - a scroll of teleportation
Potions
 h - 3 potions of curing
 i - a potion of heal wounds {unknown}
 k - a potion of haste {unknown}
 m - a potion of brilliance {unknown}
 o - a potion of flight {unknown}
 q - a potion of might
 t - a potion of lignification {unknown}
 u - a potion of degeneration {unknown}
Books
 a - a Young Poisoner's Handbook

   Spells                             Type                      Level
   a - Sting                          Conjuration/Poison           1
   b - Mephitic Cloud                 Conjuration/Poison/Air       3
   c - Olgreb's Toxic Radiance        Poison                       4
   d - Alistair's Intoxication        Transmutation/Poison         5
   e - Venom Bolt                     Conjuration/Poison           5
Comestibles
 b - 4 bread rations
 c - a slice of pizza
 f - 2 meat rations


   Skills:
 + Level 2.5 Dodging
 + Level 4.4 Stealth
 + Level 3.2 Spellcasting
 + Level 2.2 Conjurations
 + Level 7.0 Poison Magic


You had 6 spell levels left.
You knew the following spells:

 Your Spells              Type           Power        Failure   Level  Hunger
a - Sting                 Conj/Pois      ###.         2%          1    None
b - Olgreb's Toxic Radia  Pois           ####....     12%         4    ####...


Dungeon Overview and Level Annotations

Branches:
Dungeon (4/15)
 Temple: D:4-7

Altars:
Xom

Annotations:
D:4 Shenda's ghost, amateur MiFi


Innate Abilities, Weirdness & Mutations

You cannot wear most types of armour.
You are very stealthy in the water.
You are amphibious.
You can wear up to eight rings at the same time.
You can use your tentacles to constrict eight enemies at once.
Your skin changes colour to match your surroundings (Stealth+).
Your rubbery body absorbs attacks. (AC +1, EV +1)


Message History

You barely miss Shenda's ghost.
Shenda's ghost is lightly damaged.
Shenda's ghost closely misses you. Shenda's ghost hits you.
You hit Shenda's ghost but do no damage.
Shenda's ghost is lightly damaged.
Shenda's ghost hits you! Shenda's ghost completely misses you.
You climb upwards.
There is a stone staircase leading down here.
You start resting.
HP restored.
You climb downwards.
Level annotation: Shenda's ghost, amateur MiFi Shenda's ghost hits you!!
Ouch! That really hurt!
Shenda's ghost hits you.
There is a stone staircase leading up, spattered with blood here.
Shenda's ghost hits you!!
Ouch! That really hurt!
You die...

.##.######.# .##....#
#.####### .#####.###........
.##........#######
..'........#...#
###........#...###+###+##
##........#...#........#
#.....#####...#........#
##..............@.......##
.#..............W.........
.+.....#####...###.###.##
.#.....#<..'...+.....#.#
.#.....#.###...###.#.#.#
.#.....###########.#.#.#
......(................#
##.....###########.#.###
#####...........#.#.######.#


You could see Shenda's ghost.

Vanquished Creatures
  Sigmund (D:2)
  A scorpion (D:4)
  Crazy Yiuf (D:3)
  6 adders
  3 worms
  An orc (D:3)
  6 giant cockroaches
  7 goblins
  2 hobgoblins (D:2)
  2 jackals (D:4)
  2 quokkas (D:3)
  2 ball pythons
  4 bats
  4 frilled lizards
  8 kobolds (D:1)
  7 rats
57 creatures vanquished.

Notes
Turn   | Place    | Note
-------+----------+-------------------------------------------
     0 | D:1      | dvd the Octopode Venom Mage began the quest for the Orb.
     0 | D:1      | Reached XP level 1. HP: 11/11 MP: 3/3
    27 | D:1      | Reached skill level 5 in Poison Magic
   477 | D:1      | Reached XP level 2. HP: 12/17 MP: 1/5
  1311 | D:2      | Noticed Sigmund
  1395 | D:2      | Killed Sigmund
  1395 | D:2      | Reached skill level 1 in Conjurations
  1395 | D:2      | Reached skill level 6 in Poison Magic
  1395 | D:2      | Reached XP level 3. HP: 2/21 MP: 0/7
  1395 | D:2      | Reached XP level 4. HP: 2/27 MP: 0/8
  1395 | D:2      | Reached XP level 5. HP: 3/31 MP: 0/9
  1725 | D:2      | Learned a level 4 spell: Olgreb's Toxic Radiance
  2141 | D:2      | Reached XP level 6. HP: 27/36 MP: 1/10
  2442 | D:3      | Found a shimmering altar of Xom.
  2452 | D:3      | Found a shimmering altar of Xom.
  2452 | D:3      | Found a shimmering altar of Xom.
  2548 | D:3      | Found a runed door.
  2553 | D:3      | Noticed Crazy Yiuf
  2560 | D:3      | Killed Crazy Yiuf
  2636 | D:3      | Found a shimmering altar of Xom.
  2636 | D:3      | Found a shimmering altar of Xom.
  2638 | D:3      | Found a shimmering altar of Xom.
  2642 | D:3      | Found a shimmering altar of Xom.
  3199 | D:4      | Reached skill level 7 in Poison Magic
  3347 | D:4      | Noticed Shenda's ghost (amateur MiFi)
  3527 | D:4      | Slain by Shenda's ghost

Vault maps used:
D:1:      dpeg_arrival_boxorama
D:2:      minmay_tromino_v4_a, uniq_sigmund
D:3:      xom_redecorated, uniq_crazy_yiuf_cottage
D:4:      first_bread, uniq_menkaure

Skill      XL: |  1  2  3  4  5  6 |
---------------+-------------------+-----
Poison Magic   | 5 6 7 |  7.0
Stealth        | 4 |  4.4
Conjurations   | 1 2 |  2.2
Spellcasting   | 3 |  3.2
Dodging        | |  2.5

Action                   |  1- 3 |  4- 6 || total
-------------------------+-------+-------++-------
Melee: Unarmed           |     3 |     4 ||     7
       Constrict         |     1 |     4 ||     5
       Tentacles         |     1 |     2 ||     3
       Hand axe          |       |     6 ||     6
       Mace              |       |     7 ||     7
       Quarterstaff      |       |     3 ||     3
 Cast: Sting             |    39 |    62 ||   101
       Olgreb's Toxic Ra |       |     6 ||     6
  Use: Scroll            |       |    10 ||    10
 Stab: Sleeping          |     1 |     2 ||     3
       Distracted        |       |     1 ||     1
  Eat: Chunk             |     1 |     8 ||     9
Armor: Skin              |     1 |     2 ||     3
Dodge: Dodged            |     5 |    21 ||    26
